 Dungeon Crawl Stone Soup version 0.19-a0-1882-gbb73ea0 (webtiles) character file.

131 vev the Magician (level 4, -9/35 HPs)
             Began as a Demigod Wanderer on Oct 14, 2016.
             Mangled by an ogre
             ... wielding a +0 giant club
              (29 damage)
             ... on level 4 of the Dungeon.
             The game lasted 00:09:41 (4419 turns).

vev the Magician (Demigod Wanderer)                 Turns: 4419, Time: 00:09:42

Health: -9/35      AC:  2    Str: 14    XL:     4   Next: 61%
Magic:  11/11      EV: 12    Int: 19    God:
Gold:   155        SH:  0    Dex: 15    Spells: 2 memorised, 4 levels left

rFire  . . .     SeeInvis .     b - +0 spear
rCold  . . .     Gourm    .     d - +0 robe
rNeg   . . .     Faith    .     (no shield)
rPois  .         Spirit   .     (no helmet)
rElec  .         Dismiss  .     (no cloak)
rCorr  .         Reflect  .     (no gloves)
MR     .....     Harm     .     (no boots)
Stlth  ++........ Rnd*Tele +    (no amulet)
                                (no ring)
                                m - ring of teleportation (curse)

@: no status effects
A: high mp 1
a: no special abilities


You were on level 4 of the Dungeon.
You were hungry.

You visited 1 branch of the dungeon, and saw 4 of its levels.

You collected 155 gold pieces.

Inventory:

Hand Weapons
 b - a +0 spear (weapon)
Armour
 d - a +0 robe (worn)
Jewellery
 m - a cursed ring of teleportation (left hand)
Scrolls
 i - a scroll of magic mapping
 l - a scroll of teleportation
 n - a scroll of noise
 o - a scroll of amnesia
 p - a scroll of blinking
 q - a scroll of fog
 s - a scroll of fear
 t - a scroll of enchant weapon
Potions
 c - 2 potions of lignification
 g - a potion of beneficial mutation {unknown}
 j - a potion of ambrosia {unknown}
 k - 3 potions of mutation {unknown}
 r - 4 potions of curing {unknown}
 v - a potion of heal wounds {unknown}
 w - a potion of might {unknown}
 x - a potion of agility {unknown}
Books
 a - a book of Conjurations

   Spells                             Type                      Level
   a - Magic Dart                     Conjuration                  1
   b - Searing Ray                    Conjuration                  2
   c - Dazzling Spray                 Conjuration/Hexes            3
   d - Fulminant Prism                Conjuration/Hexes            4
   e - Iskenderun's Mystic Blast      Conjuration                  4
   f - Iskenderun's Battlesphere      Conjuration/Charms           5
Comestibles
 f - 2 bread rations
 h - 4 meat rations
 u - a beef jerky
 z - 2 chunks of flesh


   Skills:
 - Level 1.0 Fighting
 - Level 1.7 Dodging
 + Level 2.0 Stealth
 * Level 3.1 Spellcasting
 + Level 3.0 Conjurations
   Level 1.0 Summonings
   Level 1.7 Evocations


You had 4 spell levels left.
You knew the following spells:

 Your Spells              Type           Power        Failure   Level  Hunger
a - Magic Dart            Conj           ##..         6%          1    None
d - Iskenderun's Mystic   Conj           ##......     50%         4    ####...


Dungeon Overview and Level Annotations

Branches:
Dungeon (4/15)
 Temple: D:4-7

Annotations:
D:3 GameOver's ghost, amateur NaSu


Innate Abilities, Weirdness & Mutations

You have an increased reservoir of magic. (+10% MP)


Message History

Press: ? - help, Shift-Dir - straight line, f/p - ogre
Aim: an ogre, wielding a giant club (heavily wounded)
The magic dart hits the ogre.
The ogre is heavily wounded.
The ogre hits you with a giant club!!
Ouch! That really hurt!
Evoke which item? (* to show all) (? for menu, Esc to quit)
Okay, then.
Unknown command.
Okay, then.
Unknown command.
Casting: Magic Dart
Confirm with . or Enter, or press ? or * to list all spells.
Okay, then.
Unknown command.
Unknown command.
You are feeling hungry.
The ogre hits you with a giant club!!
Ouch! That really hurt!
You die...

#.#...........##......
#.#............#......
#.#............#......
#.#..........$.#......
#.##+##...(.....#.....
#.............#.#....#
#..#............#....#
#...###.#.............
#.<.O@....#.#####....#
#...###.#.#... +....+
#...# #.#.#.### #....#
#.... ..#+#+# #....#
##..##... #.....
#...+... #.....
#.###.... #..... ...
...............
............


You could see an ogre.

Vanquished Creatures
  5 adders
  3 worms
  A dart slug (D:2)
  2 leopard geckos (D:1)
  9 bats
  8 giant cockroaches
  9 goblins
  7 hobgoblins
  4 jackals (D:1)
  8 kobolds
  2 quokkas
  A ball python (D:2)
  5 frilled lizards
  5 rats
69 creatures vanquished.

Notes
Turn   | Place    | Note
-------+----------+-------------------------------------------
     0 | D:1      | vev the Demigod Wanderer began the quest for the Orb.
     0 | D:1      | vev set off with: a book of Conjurations, a +0 spear, a potion of lignification, a +0 robe, a bread ration
     0 | D:1      | Reached XP level 1. HP: 16/16 MP: 5/5
     2 | D:1      | Learned a level 1 spell: Magic Dart
    11 | D:1      | Reached skill level 2 in Spellcasting
    96 | D:1      | Reached skill level 2 in Conjurations
   285 | D:1      | Reached XP level 2. HP: 23/23 MP: 5/7
   542 | D:1      | Reached skill level 1 in Stealth
  1098 | D:1      | Reached XP level 3. HP: 15/28 MP: 2/9
  1735 | D:2      | Found a stormy altar of Qazlal.
  2468 | D:2      | Reached XP level 4. HP: 33/35 MP: 2/11
  2543 | D:2      | Found a glowing golden altar of the Shining One.
  2807 | D:3      | Noticed GameOver's ghost (amateur NaSu)
  2851 | D:3      | Reached skill level 3 in Spellcasting
  3203 | D:3      | Learned a level 4 spell: Iskenderun's Mystic Blast
  4286 | D:4      | Reached skill level 2 in Stealth
  4286 | D:4      | Reached skill level 3 in Conjurations
  4320 | D:4      | Noticed an ogre
  4419 | D:4      | Mangled by an ogre

Vault maps used:
D:1:      dpeg_arrival_tiny_k
D:2:      lemuel_doored_altar, tso_oasis_becter
D:3:      hangedman_glass_teeth
D:4:      uniq_natasha, uniq_blork_the_orc

Skill      XL: |  1  2  3  4 |
---------------+-------------+-----
Spellcasting   | 2 3 |  3.1
Conjurations   | 2 3 |  3.0
Stealth        | 1 2 |  2.0
Fighting       | |  1.0
Dodging        | |  1.7
Summonings     | |  1.0
Evocations     | |  1.7

Action                   |  1- 3 |  4- 6 || total
-------------------------+-------+-------++-------
Melee: Spear             |    60 |    33 ||    93
 Cast: Magic Dart        |   108 |    63 ||   171
  Use: Scroll            |       |     8 ||     8
 Stab: Distracted        |     1 |       ||     1
       Sleeping          |       |     2 ||     2
  Eat: Chunk             |     6 |     5 ||    11
Armor: Robe              |    13 |     4 ||    17
Dodge: Dodged            |    54 |    17 ||    71
